 Dungeon Crawl Stone Soup version 0.30-a0-263-ge22c4ad894 (webtiles) character file.

Game seed: 13167800302308425266

618 mopl the Covert (level 7, 0/45 HPs)
             Began as an Octopode Brigand on Oct 13, 2022.
             Slain by a sky beast (5 damage)
             ... on level 6 of the Dungeon.
             The game lasted 00:07:59 (4222 turns).

mopl the Covert (Octopode Brigand)                  Turns: 4222, Time: 00:08:00

Health: 0/45       AC:  1    Str: 10    XL:     7   Next: 45%
Magic:  10/10      EV: 11    Int: 15    God:
Gold:   53         SH:  8    Dex: 14    Spells: 8/10 levels left

rFire   + . .      SeeInvis .    a - +1 dagger (venom)
rCold   . . .      Faith    .    E - +0 kite shield
rNeg    . . .      Spirit   .    (helmet restricted)
rPois   .          Reflect  .    (no amulet)
rElec   .          Harm     .    H - ring of protection from fire
rCorr   .          Rampage  .    (no ring)
Will    .....                    (no ring)
Stlth   +++++.....               (no ring)
HPRegen 0.27/turn                (no ring)
MPRegen 0.12/turn                (no ring)
                                 (no ring)
                                 (no ring)

@: no status effects
A: almost no armour, amphibious, 8 rings, camouflage 1, gelatinous body 1,
(nimble swimmer 1), tentacles
a: no special abilities


You were on level 6 of the Dungeon.
You visited 1 branch of the dungeon, and saw 6 of its levels.

You collected 273 gold pieces.
You spent 220 gold pieces at shops.

Inventory:

Hand Weapons
 a - a +1 dagger of venom (weapon)
Missiles
 b - 9 poisoned darts (quivered)
 c - 3 curare-tipped darts
 m - a throwing net
 y - 7 boomerangs
Armour
 E - a +0 kite shield (worn)
Jewellery
 H - a ring of protection from fire (left tentacle)
Wands
 t - a wand of mindburst (19)
 v - a wand of quicksilver (19)
 D - a wand of digging (5)
 F - a wand of polymorph (3)
Scrolls
 h - a scroll of brand weapon {unknown}
 l - 2 scrolls of fog {unknown}
 n - 2 scrolls of vulnerability {unknown}
 r - 2 scrolls of immolation {unknown}
 s - 5 scrolls of teleportation
 u - 2 scrolls of noise {unknown}
 w - a scroll of blinking
 x - a scroll of summoning
 z - a scroll of torment {unknown}
 C - a scroll of fear {unknown}
 G - a scroll of enchant armour {unknown}
Potions
 d - a potion of mutation {!q}
 e - a potion of lignification {!q}
 f - a potion of brilliance
 g - 2 potions of magic {unknown}
 i - 3 potions of heal wounds {unknown}
 j - a potion of berserk rage {!q}
 k - 3 potions of curing {unknown}
 o - 2 potions of might
 p - 2 potions of ambrosia {unknown}
 q - a potion of resistance {unknown}
 A - a potion of haste {unknown}
 B - a potion of cancellation {unknown}


   Skills:
 - Level 2.0 Fighting
 - Level 2.0 Short Blades
 + Level 5.0 Throwing
 - Level 1.0 Dodging
 + Level 8.5 Stealth
 + Level 1.9 Shields
 - Level 2.0 Spellcasting
 + Level 2.4 Evocations


You had 8 spell levels left.
You knew the following spells:

 Your Spells              Type           Power      Damage    Failure   Level
a - Cigotuvi's Dreadful   Necr/Pois/Air  2%         N/A       73%         2

Your spell library contained the following spells:

 Spells                   Type           Power      Damage    Failure   Level
 Gell's Gravitas          Tloc           1%         N/A       91%         3
 Lesser Beckoning         Tloc           2%         N/A       91%         3
 Summon Guardian Golem    Hex/Summ       1%         N/A       91%         3
 Teleport Other           Tloc           1%         N/A       91%         3
 Dispel Undead            Necr           1%         3d6       100%        4
 Death Channel            Necr           0%         N/A       100%        6
 Haunt                    Necr/Summ      0%         N/A       100%        7
 Malign Gateway           Summ/Tloc      0%         N/A       100%        7


Dungeon Overview and Level Annotations

Branches:
Dungeon (6/15)
 Temple: D:4-7

Altars:
Gozag
Hepliaklqana

Shops:
D:2 :   D:4 ?[


Innate Abilities, Weirdness & Mutations

You cannot wear most types of armour.
You are amphibious.
You can wear up to eight rings at the same time.
Your skin changes colour to match your surroundings (Stealth+).
Your rubbery body absorbs attacks. (AC +1, EV +1)
((You are camouflaged when in or above water. (Stealth+)))
You have tentacles for arms and can constrict up to eight enemies at once.


Message History

H - a ring of protection from fire
H - a ring of protection from fire (left tentacle)
You see here the +2 robe of Panentheism {rC+ Dex+2}.
Found a ring mail.
There is an escape hatch in the floor here.
Done exploring.
Done exploring.
(D) Dungeon
Where to? (Enter - D:5, ? - help)
What level of the Dungeon? (default 1, ? - help)
There is a stone staircase leading down here.
You climb downwards.
Found a barding.
There is a stone staircase leading up here.
You see here a +0 barding.
A sky beast comes into view.
The sky beast hits you. The sky beast shocks you.
You barely miss the sky beast.
You squeeze the sky beast, but do no damage.
The sky beast hits you. The sky beast shocks you.
You hit the sky beast but do no damage. Your squeeze misses the sky beast.
The sky beast barely misses you.
You barely miss the sky beast. Your squeeze misses the sky beast.
You block the sky beast's attack.
You hit the sky beast but do no damage.
The sky beast is poisoned.
The sky beast flickers out of sight!
Deactivating autopickup; reactivate with Ctrl-A.
You block something's attack.
You hit something but do no damage. You squeeze something. Something hits you.
Something shocks you.
You barely miss something. Something hits you. Something shocks you.
* * * LOW HITPOINT WARNING * * *
Something hits you.
* * * LOW HITPOINT WARNING * * *
Something shocks you.
* * * LOW HITPOINT WARNING * * *
Something hits you.
* * * LOW HITPOINT WARNING * * *
Something shocks you.
You die...

#........
############.#######
#<.....[............
############.#######
#.# #.#
#######.#####
............#
#######@###.###.#
.................
######......###.
#......# #.....##
#.....# #.....#
#.....# #.....#


There were no monsters in sight!

Vanquished Creatures
  A black bear (D:5)
  An ogre (D:5)
  4 hounds
  An iguana (D:5)
  Ijyb (D:5)
  2 orc wizards
  Robin (D:3)
  4 gnolls
  7 adders
  A white imp (D:5)
  An ufetubus (D:4)
  4 worms
  2 dart slugs (D:2)
  13 orcs
  3 bats
  4 endoplasms
  6 giant cockroaches
  5 goblins
  8 hobgoblins
  3 quokkas
  5 ball pythons
  5 frilled lizards
  7 kobolds
  A rat (D:2)
90 creatures vanquished.

Notes
Turn   | Place    | Note
-------+----------+-------------------------------------------
     0 | D:1      | mopl the Octopode Brigand began the quest for the Orb.
     0 | D:1      | Reached XP level 1. HP: 14/14 MP: 1/1
   239 | D:1      | Reached XP level 2. HP: 19/19 MP: 2/2
   841 | D:2      | Got the Essays on Dislocation and the Union
   871 | D:2      | Reached skill level 6 in Stealth
   950 | D:2      | Reached XP level 3. HP: 24/24 MP: 3/3
   998 | D:2      | Reached skill level 3 in Throwing
  1049 | D:2      | Found Weskewept's Book Shop.
  1486 | D:3      | Learned a level 2 spell: Cigotuvi's Dreadful Rot
  1523 | D:3      | Reached XP level 4. HP: 29/29 MP: 4/4
  1813 | D:3      | Found a faded altar of an unknown god.
  1839 | D:3      | Noticed Robin
  1851 | D:3      | Killed Robin
  1999 | D:3      | Reached skill level 1 in Spellcasting
  2009 | D:3      | Reached XP level 5. HP: 24/34 MP: 6/6
  2198 | D:4      | Reached skill level 7 in Stealth
  2223 | D:4      | Found an opulent altar of Gozag.
  2324 | D:3      | HP: 1/34 [gnoll/+0 halberd (12)]
  2597 | D:4      | Reached skill level 4 in Throwing
  2702 | D:4      | Found Xyfufer's Magic Scroll Shop.
  2710 | D:4      | Bought a scroll of blinking for 75 gold pieces
  2710 | D:4      | Bought a scroll of teleportation for 30 gold pieces
  2710 | D:4      | Bought a scroll of summoning for 95 gold pieces
  2735 | D:4      | Found Ragnar's Dragon-Slaying Spoils.
  2803 | D:4      | Reached skill level 2 in Spellcasting
  2811 | D:4      | Reached XP level 6. HP: 39/39 MP: 7/9
  3053 | D:5      | Entered Level 5 of the Dungeon
  3057 | D:5      | Noticed Ijyb
  3065 | D:5      | Killed Ijyb
  3075 | D:5      | Found a hazy altar of Hepliaklqana.
  3075 | D:5      | Identified the +1 helmet of Loag {rN+}
  3148 | D:5      | Noticed a black bear
  3248 | D:5      | Reached skill level 1 in Evocations
  3352 | D:4      | Bought a scroll of identify for 20 gold pieces
  3402 | D:5      | Reached skill level 8 in Stealth
  3411 | D:5      | Killed a black bear
  3412 | D:5      | Reached skill level 1 in Shields
  3412 | D:5      | Reached XP level 7. HP: 30/45 MP: 10/10
  3459 | D:5      | Reached skill level 2 in Evocations
  3460 | D:5      | HP: 1/45 [hound (5)]
  3971 | D:5      | Reached skill level 5 in Throwing
  4067 | D:5      | Identified the +2 robe of Panentheism {rC+ Dex+2}
  4222 | D:6      | Slain by a sky beast

Illustrated notes

Levels and vault maps discovered:
D:1:      psy_arrival_radial01, layout_loops_corners, st_stairs_6
D:2:      layout_loops_cross, serial_shops, shop, minmay_crystal_room
D:3:      layout_loops_ring, shapermc_ecumenical_altar_mp_vishouse, uniq_robin
D:4:      minmay_general_purpose_star, layout_rooms, amcnicky_altar_gilded,
          serial_shops, nicolae_shop_hallway_plus, nicolae_shop_dragon_depot
D:5:      nicolae_cairo_tiling_large_dashed, layout_cave_pools,
          mainiacjoe_overflow_concentric_impassable, uniq_ijyb
D:6:      layout_basic, nicolae_uskayaw_murder_on_the_dancefloor

Skill      XL: |  1  2  3  4  5  6  7 |
---------------+----------------------+-----
Stealth        | 6 7 8 |  8.5
Throwing       | 3 4 5 |  5.0
Spellcasting   | 1 2 |  2.0
Evocations     | 1 2 |  2.4
Shields        | 1 |  1.9
Fighting       | |  2.0
Short Blades   | |  2.0
Dodging        | |  1.0

Action                   |  1- 3 |  4- 6 |  7- 9 || total
-------------------------+-------+-------+-------++-------
Melee: Dagger            |    40 |    93 |    32 ||   165
       Constrict         |     7 |    21 |     8 ||    36
       Tentacles         |     3 |    16 |    11 ||    30
       Punch             |       |     1 |       ||     1
Throw: Dart              |     2 |     1 |     1 ||     4
Evoke: Wand              |       |     2 |     3 ||     5
  Use: Scroll            |       |     4 |       ||     4
 Stab: Sleeping          |    20 |    14 |       ||    34
       Distracted        |       |     2 |       ||     2
Armor: Skin              |     3 |     1 |     1 ||     5
Dodge: Dodged            |     5 |    51 |     5 ||    61
Block: Kite shield       |       |     2 |     8 ||    10

Table legend: (Time is in decaauts)
 A = Elapsed time spent in this place.
 B = Non-inter-level travel time spent in this place.
 C = Inter-level travel time spent in this place.
 D = Time resting spent in this place.
 E = Time spent auto-exploring this place.
 F = Levels seen in this place.
 G = Mean time per level.
                   A        B        C        D        E       F      G
               +--------+--------+--------+--------+--------+-----+--------+
         Total |   4217 |   3998 |    219 |    766 |   2424 |   6 |  702.8 |
       Dungeon |   4217 |   3998 |    219 |    766 |   2424 |   6 |  702.8 |
               +--------+--------+--------+--------+--------+-----+--------+

Top non-repeatable levels by time:
     D:4: 1001 daAuts
     D:3: 965 daAuts
     D:1: 832 daAuts
     D:5: 747 daAuts
     D:2: 637 daAuts
     D:6: 32 daAuts
